 Dungeon Sprint DCSS version 0.30-a0-881-g1ff12e1e11 (webtiles) character file.

Game seed: 4383997148041100395

745 dialectric the Fighter (level 7, 0/52 HPs)
             Began as a Gargoyle Fighter on Mar 14, 2023.
             Slain by a hornet (4 damage)
             ... in the Dungeon (Sprint II: "The Violet Keep of Menkaure").
             The game lasted 00:02:45 (449 turns).

dialectric the Fighter (Gargoyle Fighter)            Turns: 449, Time: 00:02:46

Health: 0/52       AC: 14    Str: 19    XL:     7   Next: 76%
Magic:  7/7        EV: 12    Int: 15    God:
Gold:   174        SH:  0    Dex: 11    Spells: 6/6 levels left

rFire   . . .      SeeInvis .    d - +2 rapier of Inconvenience {freeze, Contam rPois Int+6 Stlth+}
rCold   + . .      Faith    .    (no shield)
rNeg    + . .      Spirit   .    b - +0 scale mail
rPois   ∞          Reflect  .    (no helmet)
rElec   +          Rampage  .    (no cloak)
rCorr   .          NoTele   +    (no gloves)
Will    +....                    e - +0 pair of boots of Wasted Space {rC+ Will+}
Stlth   +                        (no amulet)
HPRegen 0.28/turn                (no ring)
MPRegen 0.10/turn                (no ring)

@: no status effects
A: sickness immunity, AC +4, negative energy resistance 1, electricity
resistance, torment resistance 1, petrification resistance
a: no special abilities


You were in the Dungeon.
You visited 1 branch You collected 729 gold pieces.
You spent 555 gold pieces at shops.

Inventory:

Hand Weapons
 a - a +0 flail
 d - the +2 rapier of Inconvenience (weapon) {freeze, Contam rPois Int+6 Stlth+}
   (You bought it in a shop in the Dungeon)

   Int:       It affects your intelligence (+6).
   rPois:     It protects you from poison.
   Contam:    It causes magical contamination when unequipped.
   Stlth:     It makes you more stealthy.
Armour
 b - a +0 scale mail (worn)
 c - a +0 buckler
 e - the +0 pair of boots of Wasted Space (worn) {rC+ Will+}
   (You bought it in a shop in the Dungeon)

   rC:        It protects you from cold.
   Will:      It increases your willpower.
Scrolls
 j - a scroll of blinking
Potions
 f - 2 potions of heal wounds
 g - a potion of haste
 h - 2 potions of magic
 i - a potion of berserk rage


   Skills:
 + Level 10.0 Fighting
 + Level 0.3 Short Blades
 + Level 8.4 Maces & Flails
 + Level 9.5 Armour
 * Level 6.6 Dodging
 - Level 3.8 Shields


You had 6 spell levels left.
You didn't know any spells.
Your spell library was empty.

Dungeon Overview and Level Annotations

Branches:
Dungeon (1/1)

Altars:
Cheibriados
Dithmenos
Elyvilon
Fedhas
Gozag
Hepliaklqana
Kikubaaqudgha
Makhleb
Nemelex Xobeh
Okawaru
Qazlal
Ru
Sif Muna
Trog
Uskayaw
Vehumet
Wu Jian
Xom
Yredelemnul
Zin
The Shining One
Jiyva
Lugonu

Shops:
D [!:(([=*:?=[[!=

Annotations:
D exclusions: obsidian statue and oklob plant


Innate Abilities, Weirdness & Mutations

You are immune to sickness and miasma.
Your stone body is resilient. (AC +4)
You are immune to poison.
You resist negative energy. (rN+)
You are resistant to electric shocks. (rElec)
You are resistant to unholy torment.
You are immune to petrification.


Message History

The polar bear claws you but does no damage.
The hornet is engulfed in a cloud of scalding steam.
The hornet barely misses you. The hornet attacks as you move away!
The hornet stings you!
The polar bear attacks as you move away!
The polar bear barely misses you.
The polar bear claws you but does no damage. x2
The hornet barely misses you. The hornet attacks as you move away!
The hornet closely misses you.
There is an open door here.
The polar bear attacks as you move away!
The polar bear completely misses you. The polar bear claws you.
The polar bear claws you but does no damage.
The hornet stings you!
You hit the hornet but do no damage.
The hornet is moderately wounded.
The hornet stings you.
The hornet stings you but does no damage.
You hit the hornet but do no damage.
The hornet is moderately wounded.
The hornet closely misses you.
You puncture the hornet! You freeze the hornet.
The hornet is heavily wounded.
The hornet closely misses you.
The hornet stings you but does no damage.
You hit the hornet but do no damage.
The hornet is heavily wounded.
The hornet stings you!
* * * LOW HITPOINT WARNING * * *
The polar bear is engulfed in a cloud of scalding steam.
The hornet stings you!
* * * LOW HITPOINT WARNING * * *
You barely miss the hornet.
The hornet is heavily wounded.
The hornet stings you but does no damage.
The hornet closely misses you.
You hit the hornet. You freeze the hornet.
The hornet is severely wounded.
The hornet stings you.
You die...

~## §§○○ #####~~#+++#+++##
####~~~.........#
...#~~~~.##'##..#
...#~~~~##...##.#### .###
∩..#~~~~#..#).#....# ...#
.∩.#~~####...####..## #..# #
∩.∩#~##.###'###.##..# +..# h#
...#~#...##.##..@#..# #.^# .#
..∩'~'.##'.<.÷.##yh.### ..##.# ((
...#~###.##.##...#h...###...##▓▓▓
▓###~##.###+###.##......~~~~~~~~~
####~~###


l#l ###~~.....~#'###### Y ##~~~#.# #.#~~§~§~~.§~#_._._.. .#+ #†#~##
##~~§~§§~~.~#._._._. ##. #)#~~##+##~~~≈≈§~~~~~#_._._._ #.~
####~~~~~~~~~~§≈≈≈§~~#._._._. You could see 2 polar bears and a hornet.

Vanquished Creatures
  A merfolk siren (D)
  A water moccasin (D)
  4 necrophages (D)
  A scorpion (D)
  3 worms (D)
10 creatures vanquished.

Notes
Turn   | Place    | Note
-------+----------+-------------------------------------------
     0 | D        | dialectric the Gargoyle Fighter began the quest for the
                  | Orb.
     0 | D        | Reached XP level 1. HP: 14/14 MP: 1/1
    19 | D        | Reached XP level 2. HP: 10/20 MP: 2/2
    21 | D        | Reached skill level 4 in Fighting
    26 | D        | Noticed a merfolk siren
    41 | D        | Killed a merfolk siren
    42 | D        | Reached skill level 8 in Fighting
    42 | D        | Reached skill level 5 in Dodging
    42 | D        | Reached XP level 3. HP: 3/30 MP: 3/3
    42 | D        | Reached XP level 4. HP: 4/36 MP: 4/4
    42 | D        | Reached XP level 5. HP: 4/40 MP: 5/5
    42 | D        | Reached XP level 6. HP: 5/45 MP: 6/6
    56 | D        | Reached skill level 9 in Fighting
    63 | D        | Reached XP level 7. HP: 26/51 MP: 7/7
    86 | D        | HP: 2/51 [necrophage (3)]
    94 | D        | Noticed a wyvern
    94 | D        | Noticed a wyvern
   102 | D        | Found Maecank's Distillery.
   102 | D        | Found Riubroim's Antique Armour Emporium.
   102 | D        | Found Qeeboli's Armour Emporium.
   102 | D        | Found Ycaklule's Magic Scroll Shoppe.
   102 | D        | Found Foil's Jewellery Shoppe.
   103 | D        | Found Umok Zia's Book Shoppe.
   103 | D        | Found Amipta's Assorted Antiques.
   104 | D        | Found Boer's Jewellery Shoppe.
   104 | D        | Found Hykeroddura's Antique Armour Emporium.
   104 | D        | Noticed a redback
   105 | D        | Found Kaesaz's Jewellery Emporium.
   106 | D        | Found Ceuhova's Antique Weapon Shoppe.
   106 | D        | Found Bimul's Weapon Emporium.
   106 | D        | Noticed a redback
   106 | D        | Noticed an oklob plant
   107 | D        | Found Bisch's Antique Armour Emporium.
   107 | D        | Found Zyojas's Distillery.
   107 | D        | Found Koirouf's Book Shoppe.
   107 | D        | Noticed an ice dragon
   270 | D        | Noticed a yak
   270 | D        | Noticed a yak
   271 | D        | Noticed a yak
   277 | D        | Bought a crude rapier for 216 gold pieces
   277 | D        | Identified the +2 rapier of Inconvenience {freeze, Contam
                  | rPois Int+6 Stlth+} (You bought it in a shop in the
                  | Dungeon)
   306 | D        | Noticed an obsidian statue
   317 | D        | Found an iron altar of Okawaru.
   317 | D        | Found an opulent altar of Gozag.
   353 | D        | Bought a pair of translucent boots for 209 gold pieces
   353 | D        | Identified the +0 pair of boots of Wasted Space {rC+ Will+}
                  | (You bought it in a shop in the Dungeon)
   363 | D        | Bought a potion of heal wounds for 65 gold pieces
   363 | D        | Bought a potion of heal wounds for 65 gold pieces
   374 | D        | Reached skill level 10 in Fighting
   427 | D        | Found a sparkling altar of Nemelex Xobeh.
   427 | D        | Found a blossoming altar of Fedhas.
   428 | D        | Found a radiant altar of Vehumet.
   428 | D        | Found a burning altar of Makhleb.
   428 | D        | Found a white marble altar of Elyvilon.
   429 | D        | Found a hide-covered altar of Uskayaw.
   429 | D        | Found a corrupted altar of Lugonu.
   429 | D        | Found a shadowy altar of Dithmenos.
   430 | D        | Found a glowing silver altar of Zin.
   430 | D        | Found a bloodstained altar of Trog.
   430 | D        | Found an ancient bone altar of Kikubaaqudgha.
   431 | D        | Found a basalt altar of Yredelemnul.
   431 | D        | Found a shimmering blue altar of Sif Muna.
   431 | D        | Found a viscous altar of Jiyva.
   432 | D        | Found a shimmering altar of Xom.
   432 | D        | Found a sacrificial altar of Ru.
   433 | D        | Found a glowing golden altar of the Shining One.
   433 | D        | Found an ornate altar of the Wu Jian Council.
   433 | D        | Found a stormy altar of Qazlal.
   433 | D        | Found a snail-covered altar of Cheibriados.
   433 | D        | Found a hazy altar of Hepliaklqana.
   433 | D        | Noticed a hornet
   433 | D        | Noticed a polar bear
   433 | D        | Noticed a polar bear
   433 | D        | Noticed a polar bear
   449 | D        | Slain by a hornet

Illustrated notes

Levels and vault maps discovered:
D:        the_violet_keep_of_menkaure [sprint2_stairs_cluster_1,
          sprint2_shoproom, sprint2_temple, sprint2_basic_supplies,
          sprint2_obstacle_7, sprint2_obstacle_1, sprint2_obstacle_3,
          sprint2_obstacle_6, sprint2_obstacle_5, sprint2_timed_cluster_1,
          sprint2_smallroom_cluster_1, sprint2_smallroom_final_cluster_1,
          sprint2_transparent_cluster_1, sprint2_second_timed_cluster_1,
          sprint2_sniper_area_1, sprint2_heavy_combat_area_1,
          sprint2_mutation_trap_area_1, sprint2_forest_area_1,
          sprint2_light_combat_area_1, sprint2_behind_water_1,
          sprint2_near_end_vault_1]

Skill      XL: |  1  2  3  4  5  6  7 |
---------------+----------------------+-----
Armour         | 4 8 9 |  9.5
Fighting       | 8 9 10 | 10.0
Maces & Flails | 6 8 |  8.4
Dodging        | 5 6 |  6.6
Short Blades   | |  0.3
Shields        | |  3.8

Action                     |  1- 3 |  4- 6 |  7- 9 || total
---------------------------+-------+-------+-------++-------
  Melee: Flail             |    21 |    13 |    30 ||    64
         Rapier            |       |       |    10 ||    10
    Use: Potion            |     2 |     1 |       ||     3
 Armour: Scale mail        |     2 |     4 |    27 ||    33
  Dodge: Dodged            |     2 |     7 |    29 ||    38

Table legend: (Time is in decaauts)
 A = Elapsed time spent in this place.
 B = Non-inter-level travel time spent in this place.
 C = Inter-level travel time spent in this place.
 D = Time resting spent in this place.
 E = Time spent auto-exploring this place.
 F = Levels seen in this place.
 G = Mean time per level.
                   A        B        C        D        E       F      G
               +--------+--------+--------+--------+--------+-----+--------+
         Total |    473 |    473 |      0 |      0 |    230 |   1 |  473.0 |
       Dungeon |    473 |    473 |      0 |      0 |    230 |   1 |  473.0 |
               +--------+--------+--------+--------+--------+-----+--------+

Top non-repeatable levels by time:
       D: 473 daAuts
